 Dungeon Crawl Stone Soup version 0.16-a0-262-g6fc725f (webtiles) character file.

71495 MRaven the Transmogrifier (level 14, -23/115 HPs)
             Began as a Mottled Draconian Transmuter on Aug 24, 2014.
             Was a High Priest of Ashenzari.
             Killed from afar by an orc sorcerer (41 damage)
             ... with a bolt of fire
             ... on Level 3 of the Orcish Mines on Aug 25, 2014.
             The game lasted 03:03:36 (37105 turns).

MRaven the Transmogrifier (DrTm)                   Turns: 37105, Time: 03:03:36

HP -23/115       AC  2     Str 14      XL: 14   Next: 98%
MP  28/31        EV 34     Int 15      God: Ashenzari [*****.]
Gold 2106        SH  0     Dex 21      Spells:  7 memorised, 11 levels left

rFire  . . .     SeeInvis +     Z - melded +8 scythe of Equivalence {pain, +Blink rC+ rN+}
rCold  . . .     Clarity  +     (armour unavailable)
rNeg   . . .     rCorr    .     (shield currently unavailable)
rPois  x         rRot     .     M - melded +2 hat of Nemelex Xobeh's Hope {Dex+3 Int+5}
rElec  .         Spirit   .     m - melded +1 cloak (curse)
SustAb .         Warding  .     v - melded +0 pair of gloves (curse)
rMut   +         Stasis   .     x - melded +2 pair of boots of the Hanged Man {Dex+2 Int+1}
Gourm  .                        o - cursed amulet of resist mutation
MR     +....                    H - cursed ring of wizardry
                                L - cursed +2 ring of dexterity

@: spider-form (expiring), regenerating, repel missiles, somewhat resistant to
hostile enchantments, unstealthy
A: (breathe sticky flames), unfitting armour, (cold resistance 0),
(cold-blooded), AC +8
a: End Transformation, Scrying, Transfer Knowledge, Renounce Religion


You were on level 3 of the Orcish Mines.
You worshipped Ashenzari.
Ashenzari was extremely pleased with you.
You were hungry.
You were in spider-form.
You visited 4 branches of the dungeon, and saw 23 of its levels.
You also visited: Ice Cave.

You collected 2631 gold pieces.
You spent 525 gold pieces at shops.

Inventory:

Hand weapons
 Z - the cursed +8 scythe of Equivalence (melded) {pain, +Blink rC+ rN+}
   (You found it on level 7 of the Lair of Beasts)

   In the hands of one skilled in necromantic magic, it inflicts extra damage on
   living creatures.
   It protects you from cold.
   It protects you from negative energy.
   It lets you blink.
   It has a curse placed upon it.
Missiles
 b - 172 arrows
Armour
 m - a cursed +1 cloak (melded)
 v - a cursed +0 pair of gloves (melded)
 x - the cursed +2 pair of boots of the Hanged Man (melded) {Dex+2 Int+1}
   (You acquired it in an ice cave)

   It affects your intelligence (+1).
   It affects your dexterity (+2).
   It has a curse placed upon it.
 D - a +1 hat of cold resistance
 M - the cursed +2 hat of Nemelex Xobeh's Hope (melded) {Dex+3 Int+5}
   (You acquired it on level 1 of the Lair of Beasts)

   It affects your intelligence (+5).
   It affects your dexterity (+3).
   It has a curse placed upon it.
Magical devices
 r - a wand of teleportation (2)
 t - a wand of enslavement (14)
 J - a wand of fireball (4)
 N - a wand of cold (3)
 U - a wand of paralysis (8)
Comestibles
 a - 3 bread rations
 u - 8 meat rations
 C - 2 rotting chunks of orc flesh
 E - 16 royal jellies
Scrolls
 h - 10 scrolls of remove curse
 p - 2 scrolls of teleportation
 w - 4 scrolls of magic mapping
 y - 3 scrolls of enchant weapon
 G - a scroll of curse armour
 I - 2 scrolls of amnesia
 K - 4 scrolls of enchant armour
 O - a scroll of curse jewellery
 P - 5 scrolls of curse weapon
 R - a scroll of identify
Jewellery
 c - an uncursed ring of teleport control
 k - an uncursed ring of protection from magic
 n - an uncursed ring of protection from cold
 o - a cursed amulet of resist mutation (around neck)
 F - an uncursed ring of sustain abilities
 H - a cursed ring of wizardry (right front leg)
 L - a cursed +2 ring of dexterity (left front leg)
 T - an uncursed amulet of resist corrosion
 W - an uncursed ring of protection from magic
Potions
 e - 4 potions of restore abilities
 f - 7 potions of curing
 g - 3 potions of brilliance
 i - 4 potions of resistance
 j - a potion of haste
 l - 2 potions of lignification
 q - 5 potions of might
 s - a potion of cure mutation
 Q - a potion of invisibility
 V - a potion of magic
 X - a potion of agility
 Y - 4 potions of flight
Books
 d - a book of Changes

   Spells                             Type                      Level
   *Beastly Appendage                 Transmutation                1
   *Sticks to Snakes                  Transmutation                2
   *Spider Form                       Transmutation/Poison         3
   *Ice Form                          Ice/Transmutation            4
   *Blade Hands                       Transmutation                5
 z - a book of Minor Magic

   Spells                             Type                      Level
   Magic Dart                         Conjuration                  1
   Blink                              Translocation                2
   Call Imp                           Summoning                    2
   *Repel Missiles                    Charms/Air                   2
   Slow                               Hexes                        2
   Conjure Flame                      Conjuration/Fire             3
   Mephitic Cloud                     Conjuration/Poison/Air       3
 B - a book of Party Tricks

   Spells                             Type                      Level
   Summon Butterflies                 Summoning                    1
   Apportation                        Translocation                1
   Blink                              Translocation                2
   Tukima's Dance                     Hexes                        3
   Alistair's Intoxication            Transmutation/Poison         4
 S - the Disquisition on Evil Secrets
   (You found it on level 7 of the Lair of Beasts)

   Spells                             Type                      Level
   *Regeneration                      Charms/Necromancy            3
   Animate Dead                       Necromancy                   4
   Dispel Undead                      Necromancy                   5


   Skills:
 + Level 8.1 Fighting
 - Level 1.1(4.0) Polearms
 + Level 8.3(12.2) Dodging
 + Level 12.0 Unarmed Combat
 - Level 9.1 Spellcasting
 * Level 9.0(12.9) Charms
 - Level 5.9(10.0) Necromancy
 - Level 12.9(16.5) Transmutations
 - Level 10.0(13.7) Evocations


You had 11 spell levels left.
You knew the following spells:

 Your Spells              Type           Power        Failure   Level  Hunger
a - Beastly Appendage     Trmt           ######       1%          1    None
b - Sticks to Snakes      Trmt           ######....   1%          2    None
c - Spider Form           Trmt/Pois      ####......   1%          3    ##.....
d - Blade Hands           Trmt           ######....   1%          5    #####..
e - Repel Missiles        Chrm/Air       ####..       1%          2    None
f - Ice Form              Ice/Trmt       ####....     4%          4    ###....
g - Regeneration          Chrm/Necr      #####.....   1%          3    ##.....


Dungeon Overview and Level Annotations

Branches:
Dungeon (11/15)            Temple (1/1) D:7             Orc (3/4) D:11
   Lair (8/8) D:8          Shoals (0/5) Lair:5       Spider (0/5) Lair:4
  Slime (0/6) Lair:8
    Elf: Orc:3-4

Altars:
Ashenzari
Cheibriados
Dithmenos
Fedhas
Gozag
Kikubaaqudgha
Makhleb
Nemelex Xobeh
Okawaru
Qazlal
Sif Muna
Trog
Xom
Yredelemnul
Zin
The Shining One
Beogh

Shops:
D:5 }   Orc:1 !   Orc:2 (


Innate Abilities, Weirdness & Mutations

((You can spit globs of burning liquid.))
((You can ignite nearby creatures when you spit burning liquid.))
((Your weird mottled scales are hard (AC +8).))
Your body does not fit into most forms of armour.
((Your cold-blooded metabolism reacts poorly to cold.))
((Your flesh is cold resistant.))


Message History

You kill the orc wizard!
The sixfirhy hits you. The sixfirhy shocks you!
The orc hits you with a flail of protection!
The smoke demon gestures at you. Something smites you!
* * * LOW HITPOINT WARNING * * *
The orc sorcerer misses you.
Your transformation is almost over.
The sixfirhy completely misses you. x2
The sixfirhy completely misses you. x2
The smoke demon gestures at you. Something smites you!
* * * LOW HITPOINT WARNING * * *
There is a stone staircase leading up here.
The smoke demon gestures at you. Something smites you!
* * * LOW HITPOINT WARNING * * *
The orc sorcerer casts a spell at you. The bolt of fire hits you!
You die...

*,* #.....,,, , *
##.........,,,,
###*..........., *
##.#.#........... ,,
##................., ,
#.....##.........). ,,
#.........<.......,
##......o.)%.>...... ,
#......s4..3).......
#.......o..)........,,,,
##.##.#............, , ,
* #.##...........*, * .
##..........,,, *,..,
....#.....,,,,, *..,
*##.####...,, , .** ###
*..,, , , ,, ,,,,


You could see a sixfirhy, a smoke demon, an orc sorcerer and an orc.

Vanquished Creatures
  An acid blob (Lair:8)
  A frost giant (IceCv)
  An ice dragon (Lair:8)
  Harold (Lair:4)
  Nessos (D:11)
  2 hydras
  Erica (Lair:5)
  6 death yaks (Lair:7)
  The ghost of dadoka the Cloud Mage, an experienced HEAE of Ashenzari (D:9)
  Nergalle (Lair:5)
  Erolcha (D:11)
  An ice statue (IceCv)
  3 hill giants
  4 ugly things
  2 oklob plants (Lair:8)
  3 lindwurms
  2 orc knights
  A mermaid (Lair:5)
  8 elephants
  4 black mambas
  Joseph (D:7)
  A gargoyle (D:10)
  16 spiny frogs
  A torpor snail (Lair:5)
  8 komodo dragons
  A kobold demonologist (D:7)
  2 trolls
  10 fire drakes
  18 polar bears
  3 merfolk (Lair:5)
  3 giant leeches (Lair:8)
  A slime creature (D:7)
  Prince Ribbit (D:6)
  7 blink frogs
  9 hogs (Lair:8)
  4 wyverns
  Eustachio (D:5)
  A spriggan (D:8)
  57 yaks
  2 deep elf magi
  5 hippogriffs
  29 wolves
  6 wargs
  Edmund (D:5)
  4 hell hounds (Lair:8)
  10 porcupines
  11 water moccasins
  4 ice beasts
  7 black bears
  4 sky beasts
  2 phantoms
  2 yellow wasps
  3 necrophages
  4 centaurs
  9 ogres
  A boring beetle (Lair:6)
  9 orc warriors
  17 crocodiles
  16 giant frogs
  3 brain worms (Lair:8)
  Duvessa (D:4)
  A big kobold (D:9)
  6 scorpions
  An eye of draining (D:10)
  7 electric eels
  13 wights
  Dowan (D:4)
  2 goliath beetles
  2 crimson imps
  2 giant frog zombies
  An elf zombie (D:7)
  2 giant frog skeletons (D:6)
  Crazy Yiuf (D:2)
  19 orc priests
  A two-headed ogre zombie (D:8)
  19 hounds
  7 jellies
  A quasit (D:11)
  A centaur skeleton (D:5)
  23 orc wizards
  Natasha (thrice) (D:5)
  8 iguanas
  A black bear skeleton (D:10)
  9 worker ants
  3 orange rats (Lair:8)
  29 sheep
  Ijyb (D:2)
  An ogre zombie (D:10)
  A hound zombie (D:6)
  25 adders
  3 gnolls (D:9)
  62 green rats
  A scorpion zombie (D:9)
  4 shadow imps
  2 giant mites
  12 white imps (D:11)
  19 worms
  An orc zombie (D:9)
  7 oozes
  115 orcs
  15 bats
  8 giant cockroaches
  21 goblins
  26 hobgoblins
  24 kobolds
  14 quokkas
  2 ball pythons
  4 giant geckos
  11 giant newts
  2 hobgoblin skeletons
  A hobgoblin zombie (D:5)
  21 jackals
  2 kobold skeletons
  13 rats
  2 rat zombies (D:5)
  2 plants (Lair:8)
925 creatures vanquished.

Vanquished Creatures (collateral kills)
  A phantom (D:4)
1 creature vanquished.

Vanquished Creatures (others)
  A hippogriff (Lair:8)
  A centaur (D:6)
  An orange rat (Lair:8)
  An adder (D:6)
  5 orcs
  A hobgoblin zombie (D:6)
  A rat (D:6)
  5 fungi
  5 plants
21 creatures vanquished.

Grand Total: 947 creatures vanquished

Notes
Turn   | Place    | Note
--------------------------------------------------------------
     0 | D:1      | MRaven, the Draconian Transmuter, began the quest for the Orb.
     0 | D:1      | Reached XP level 1. HP: 16/16 MP: 3/3
   656 | D:1      | Reached XP level 2. HP: 18/23 MP: 2/4
  1166 | D:2      | Learned a level 2 spell: Sticks to Snakes
  1359 | D:2      | Found a shadowy altar of Dithmenos.
  1658 | D:2      | Reached XP level 3. HP: 20/29 MP: 4/6
  1759 | D:2      | Learned a level 3 spell: Spider Form
  1765 | D:2      | Noticed Ijyb
  1782 | D:2      | Killed Ijyb
  2165 | D:2      | Noticed Crazy Yiuf
  2188 | D:2      | Killed Crazy Yiuf
  2188 | D:2      | Reached skill level 4 in Unarmed Combat
  2188 | D:2      | Reached XP level 4. HP: 24/36 MP: 1/7
  2937 | D:3      | Reached XP level 5. HP: 37/42 MP: 9/9
  3833 | D:4      | Noticed an ogre
  3865 | D:4      | Killed an ogre
  3865 | D:4      | Reached skill level 5 in Unarmed Combat
  3865 | D:4      | Reached XP level 6. HP: 34/50 MP: 6/10
  4248 | D:4      | Noticed a phantom
  4310 | D:4      | Killed a phantom
  5050 | D:4      | Noticed Duvessa
  5050 | D:4      | Noticed Dowan
  5057 | D:4      | Killed Duvessa
  5057 | D:4      | Your scales start taking on a weird mottled pattern.
  5057 | D:4      | Reached XP level 7. HP: 41/57 MP: 8/12
  5067 | D:4      | Killed Dowan
  5067 | D:4      | Reached skill level 6 in Unarmed Combat
  5836 | D:5      | Entered Level 5 of the Dungeon
  6062 | D:5      | Found Skaikh's Gadget Boutique.
  6221 | D:5      | Noticed Eustachio
  6222 | D:5      | Noticed Edmund
  6236 | D:5      | Killed Eustachio
  6242 | D:5      | Killed Edmund
  6242 | D:5      | Reached skill level 7 in Unarmed Combat
  6242 | D:5      | Reached XP level 8. HP: 47/63 MP: 8/13
  6405 | D:5      | Noticed Natasha
  6415 | D:5      | Killed Natasha
  6527 | D:5      | Reached skill level 5 in Transmutations
  7321 | D:5      | Noticed Natasha
  7333 | D:5      | Killed Natasha
  7534 | D:5      | Noticed Natasha
  7539 | D:5      | Killed Natasha
  7651 | D:6      | Reached skill level 5 in Dodging
  7998 | D:6      | Noticed Prince Ribbit
  8036 | D:6      | Killed Prince Ribbit
  8036 | D:6      | Reached skill level 8 in Unarmed Combat
  8036 | D:6      | Reached XP level 9. HP: 38/72 MP: 10/14
  8291 | D:6      | Found a glowing golden altar of the Shining One.
  8399 | D:6      | Found a shimmering altar of Xom.
  8542 | D:6      | Found an iron altar of Okawaru.
  8685 | D:6      | Found an opulent altar of Gozag.
  8686 | D:6      | Found a glowing silver altar of Zin.
  9109 | D:7      | Noticed a kobold demonologist
  9109 | D:7      | Noticed Joseph
  9115 | D:7      | Noticed a hellwing
  9117 | D:7      | Noticed a cyan ugly thing
  9118 | D:7      | Noticed a hellwing
  9274 | D:7      | Reached skill level 5 in Fighting
  9323 | D:7      | Killed a kobold demonologist
  9447 | D:7      | HP: 1/74 [Joseph/ sling bullet (15)]
  9459 | D:7      | HP: 3/74 [Joseph/ sling bullet (3)]
  9826 | D:7      | Killed Joseph
 10127 | D:6      | Learned a level 5 spell: Blade Hands
 10225 | D:7      | Reached XP level 10. HP: 83/83 MP: 12/16
 10969 | D:8      | Reached skill level 9 in Unarmed Combat
 11153 | D:8      | Found a staircase to the Lair.
 11311 | D:8      | Identified a scroll of acquirement
 11470 | D:8      | Learned a level 2 spell: Repel Missiles
 12522 | D:9      | Noticed dadoka's ghost (experienced HEAE)
 12538 | D:9      | Killed dadoka's ghost
 12680 | D:9      | Noticed a green ugly thing
 12692 | D:9      | Killed a green ugly thing
 12692 | D:9      | Reached skill level 5 in Spellcasting
 12789 | D:7      | Killed a cyan ugly thing
 13259 | D:7      | Found a staircase to the Ecumenical Temple.
 13270 | Temple   | Entered the Ecumenical Temple
 13294 | Temple   | Became a worshipper of Ashenzari the Shackled
 13473 | D:9      | Reached skill level 10 in Transmutations
 13519 | D:9      | Reached XP level 11. HP: 31/89 MP: 21/24
 14162 | D:9      | Found an ancient bone altar of Kikubaaqudgha.
 14618 | Lair:1   | Entered Level 1 of the Lair of Beasts
 14627 | Lair:1   | Noticed a spriggan rider
 14965 | D:8      | Killed a yellow wasp
 14966 | D:8      | Killed a spriggan
 15862 | Lair:1   | Reached skill level 10 in Unarmed Combat
 16090 | Lair:1   | Got the cursed hat of Nemelex Xobeh's Hope {Dex+3 Int+5}
 16096 | Lair:1   | Identified the cursed +2 hat of Nemelex Xobeh's Hope {Dex+3 Int+5} (You acquired it on level 1 of the Lair of Beasts)
 18149 | Lair:3   | Reached skill level 11 in Transmutations
 18834 | Lair:3   | Reached skill level 1 in Evocations
 19421 | Lair:3   | Reached XP level 12. HP: 76/100 MP: 21/26
 19714 | Lair:4   | Noticed Harold
 19725 | Lair:4   | Killed Harold
 19947 | Lair:4   | Identified the +2 pair of boots of Ybbi {Str-2 Dex+3}
 19952 | Lair:4   | Reached skill level 5 in Evocations
 20387 | Lair:4   | Found a hole to the Spider Nest.
 21790 | Lair:5   | Noticed an eight-headed hydra
 22420 | Lair:5   | Learned a level 4 spell: Ice Form
 22436 | Lair:5   | Noticed Nergalle
 22443 | Lair:5   | Killed Nergalle
 22915 | Lair:4   | Reached skill level 10 in Evocations
 23000 | Lair:4   | Upgraded the game from 0.16-a0-259-g9aa467b to 0.16-a0-262-g6fc725f
 23036 | Lair:5   | Found a staircase to the Shoals.
 23447 | Lair:5   | Noticed Erica
 23878 | Lair:5   | Killed Erica
 24133 | Lair:5   | Killed an eight-headed hydra
 24414 | Lair:5   | Reached XP level 13. HP: 107/107 MP: 27/27
 24587 | Lair:6   | Acquired Ashenzari's first power
 25520 | Lair:6   | Found an ancient bone altar of Kikubaaqudgha.
 25921 | Lair:7   | Identified the Disquisition on Evil Secrets
 25926 | Lair:7   | Learned a level 3 spell: Regeneration
 25997 | Lair:7   | Got the scythe of Equivalence {pain, +Blink rC+ rN+}
 25998 | Lair:7   | Identified the +8 scythe of Equivalence {pain, +Blink rC+ rN+} (You found it on level 7 of the Lair of Beasts)
 26550 | Lair:7   | Acquired Ashenzari's second power
 27155 | Lair:7   | Reached skill level 1 in Charms
 27155 | Lair:7   | Reached skill level 12 in Transmutations
 27954 | Lair:8   | Entered Level 8 of the Lair of Beasts
 28571 | Lair:8   | Identified a cursed +3 rod of destruction (9/9)
 28975 | Lair:8   | Reached skill level 5 in Charms
 29258 | Lair:8   | Reached XP level 14. HP: 77/115 MP: 30/30
 30436 | Lair:8   | Noticed an acid blob
 30449 | Lair:8   | Killed an acid blob
 30994 | Lair:8   | Found a staircase to the Slime Pits.
 31001 | Lair:8   | Reached skill level 1 in Necromancy
 31692 | D:10     | Entered Level 10 of the Dungeon
 31977 | D:10     | Reached skill level 1 in Polearms
 33003 | D:11     | Noticed Nessos
 33019 | D:11     | Killed Nessos
 33038 | D:11     | Found a frozen archway.
 33051 | IceCv    | Entered an ice cave
 33112 | IceCv    | Identified the cursed +2 pair of boots of the Hanged Man {Dex+2 Int+1} (You acquired it in an ice cave)
 33362 | IceCv    | Acquired Ashenzari's third power
 33613 | IceCv    | Noticed a frost giant
 33643 | IceCv    | Killed a frost giant
 34530 | D:11     | Reached skill level 5 in Necromancy
 34981 | D:11     | Noticed Erolcha
 35093 | D:11     | Killed Erolcha
 35477 | D:11     | Found a roughly hewn altar of Beogh.
 35477 | D:11     | Found a staircase to the Orcish Mines.
 35684 | Orc:1    | Entered Level 1 of the Orcish Mines
 35992 | Orc:1    | Acquired Ashenzari's fourth power
 35994 | Orc:1    | Found Siang's Distillery.
 36071 | Orc:1    | Bought a potion of beneficial mutation for 525 gold pieces
 36074 | Orc:1    | Gained mutation: Your flesh is cold resistant. [potion of beneficial mutation]
 36303 | Orc:2    | Found Toakhl Ydesk's Antique Weapon Shop.
 36755 | Orc:3    | Found a shimmering altar of Xom.
 37105 | Orc:3    | Killed from afar by an orc sorcerer

Action                   |  1- 3 |  4- 6 |  7- 9 | 10-12 | 13-15 || total
-------------------------+-------+-------+-------+-------+-------++-------
Melee: Unarmed           |    84 |   281 |   502 |   970 |  1155 ||  2992
       Scythe            |       |       |       |       |   140 ||   140
 Cast: Beastly Appendage |    11 |    19 |    19 |    21 |     7 ||    77
       Sticks to Snakes  |     1 |     3 |       |     1 |       ||     5
       Spider Form       |       |     3 |    23 |    24 |    18 ||    68
       Blade Hands       |       |       |       |    30 |    62 ||    92
       Repel Missiles    |       |       |       |     3 |       ||     3
       Ice Form          |       |       |       |     1 |     3 ||     4
       Regeneration      |       |       |       |       |    33 ||    33
Evoke: Wand              |       |       |     4 |    17 |    28 ||    49
  Use: Scroll            |     4 |     5 |     3 |    22 |    13 ||    47
       Potion            |       |     1 |     3 |     6 |     4 ||    14
 Stab: Distracted        |       |     1 |       |       |       ||     1
       Paralysed         |       |       |     1 |       |    10 ||    11
       Sleeping          |       |       |       |     3 |     5 ||     8
  Eat: Chunk             |     2 |     4 |    10 |     9 |    33 ||    58
       Bread ration      |     1 |     1 |     2 |       |       ||     4
       Pizza             |     1 |       |       |     2 |       ||     3
       Beef jerky        |       |       |     1 |       |     2 ||     3
       Meat ration       |       |       |       |     2 |       ||     2
       Fruit             |       |       |       |    43 |    11 ||    54
       Royal jelly       |       |       |       |       |     4 ||     4
